 Dungeon Crawl Stone Soup version 0.31-a0-521-gc7390f8997 (webtiles) character file.

Game seed: 9310712466465542123

1834747 motkurizz the Shapeless Merfolk (level 27, 220/278 HPs)
             Began as a Merfolk Monk on Aug 10, 2023.
             Was a High Priest of Okawaru.
             Escaped with the Orb
             ... and 3 runes!
             The game lasted 03:35:18 (58479 turns).

motkurizz the Shapeless Merfolk (Merfolk Monk)     Turns: 58479, Time: 03:35:19

Health: 220/278    AC: 43    Str: 11      XL:     27
Magic:  37/37      EV: 49    Int: 13      God:    Okawaru [*****.]
Gold:   6545       SH:  0    Dex: 34 (35) Spells: 26/26 levels left

rFire   . . .        a - +9 triple sword of motkurizz's Honour {freeze, Dex+2}
rCold   + + .        (shield currently unavailable)
rNeg    + . .        p - melded +2 robe {Will+}
rPois   ∞            (no helmet)
rElec   +            R - +4 dragonskin cloak
rCorr   .            U - melded +0 pair of fencer's gloves {Riposte Dex+3}
SInv    +            C - melded +0 pair of boots
Will    ++...        w - amulet of faith
Stlth   ++           L - ring of the Arcadian God {Dex+4 SInv}
HPRegen 0.66/turn    i - ring "Vedduix" {Fly rC++ EV+5 Int+2}
MPRegen 0.25/turn

%: faith
@: statue-form, flying, very slow
A: slow and powerful, torment resistance 1, boosted hp, (nimble swimmer 2),
mertail, claws 1, (iridescent scales 1), deterioration 1, frail 1, screaming 1
0: Orb of Zot
}: 3/15 runes: decaying, serpentine, silver
a: Begin Untransformation, Renounce Religion, Heroism, Finesse, Duel


You escaped.
You worshipped Okawaru.
Okawaru was extremely pleased with you.
You were a living statue of rough stone.
You visited 10 branches of the dungeon, and saw 48 of its levels.
You also visited: Ossuary, Bailey and Ice Cave.

You collected 10362 gold pieces.
You spent 3817 gold pieces at shops.

Inventory:

Hand Weapons
 a - the +9 triple sword of motkurizz's Honour (weapon) {freeze, Dex+2}
   (Okawaru gifted it to you on level 4 of the Lair of Beasts)

   Dex+2:     It affects your dexterity (+2).
 b - the +9 sword of Power {lifebolt}
   (Okawaru gifted it to you on level 15 of the Dungeon)
 r - a +9 antimagic quick blade
Missiles
 k - 39 poisoned darts (quivered)
 y - 8 curare-tipped darts
 I - 2 throwing nets
Armour
 p - a +2 robe of willpower (melded)
 v - the scarf "Bimp" {repulsion, rF+ rN+}
   (You acquired it in an ossuary)

   rF+:       It protects you from fire.
   rN+:       It protects you from negative energy.
 x - a +2 hat of see invisible
 C - a +0 pair of boots (melded)
 R - the +4 dragonskin cloak (worn)
   (You took it off Tiamat on level 2 of the Realm of Zot)

   Avatar's Aegis: It grants the wearer a chance to resist fire, cold, poison,
   electricity, acid, and negative energy.
 U - the +0 pair of fencer's gloves (melded) {Riposte Dex+3}
   (You acquired it on level 3 of the Elven Halls)

   Riposte:   It allows the wearer to riposte with melee weapons, swiftly
   retaliating against missed or blocked melee attacks.
   Dex+3:     It affects your dexterity (+3).
 V - the +5 helmet "Usog" {rF+}
   (You bought it in a shop on level 3 of the Vaults)

   rF+:       It protects you from fire.
Jewellery
 f - the ring "Xahec" {rElec rF+ Will+ Slay+3}
   (You found it on level 4 of the Swamp)

   [ring of willpower]

   Slay+3:    It affects your accuracy & damage with ranged weapons and melee
   (+3).
   rF+:       It protects you from fire.
   rElec:     It insulates you from electricity.
   Will+:     It increases your willpower.
 i - the ring "Vedduix" (right claw) {Fly rC++ EV+5 Int+2}
   (You found it in an ice cave)

   [ring of evasion]

   EV+5:      It affects your evasion (+5).
   Int+2:     It affects your intelligence (+2).
   rC++:      It greatly protects you from cold.
   Fly:       It grants you flight.
 t - a ring of willpower
 w - an amulet of faith (around neck)
 E - the ring of Ugro {rF+ Will+ EV+5 Int-2}
   (You bought it in a shop on level 4 of the Snake Pit)

   [ring of evasion]

   EV+5:      It affects your evasion (+5).
   Int-2:     It affects your intelligence (-2).
   rF+:       It protects you from fire.
   Will+:     It increases your willpower.
 L - the ring of the Arcadian God (left claw) {Dex+4 SInv}
   (You took it off a deep elf annihilator on level 3 of the Elven Halls)

   [ring of see invisible]

   Dex+4:     It affects your dexterity (+4).
   SInv:      It lets you see invisible.
 O - an amulet of reflection
 X - a ring of resist corrosion
 Z - a +4 ring of protection
Talismans
 G - a granite talisman (active)
Wands
 h - a wand of mindburst (50)
 u - a wand of quicksilver (22)
 M - a wand of digging (36)
 S - a wand of roots (31)
 Y - a wand of flame (25)
Scrolls
 j - 2 scrolls of fog
 m - 11 scrolls of fear
 n - 19 scrolls of teleportation
 q - 3 scrolls of blinking
 D - 2 scrolls of noise
 J - 9 scrolls of immolation
 N - 8 scrolls of poison
 P - 2 scrolls of silence
 T - 11 scrolls of enchant armour
Potions
 e - 3 potions of resistance
 g - 15 potions of heal wounds
 l - a potion of berserk rage
 o - 7 potions of cancellation
 s - 4 potions of enlightenment
 z - 5 potions of might
 A - 7 potions of magic
 B - 13 potions of haste
 F - 8 potions of attraction
 H - 23 potions of curing
 K - 3 potions of mutation
 Q - 8 potions of invisibility
Miscellaneous
 d - a lightning rod (1/4)


   Skills:
 - Level 24.0 Fighting
 - Level 17.6(22.2) Short Blades
 + Level 22.2(24.4) Long Blades
 - Level 10.0 Armour
 - Level 24.0 Dodging
 - Level 8.0 Stealth
 - Level 20.0 Invocations
 - Level 7.0 Evocations
 O Level 27 Shapeshifting


You had 26 spell levels left.
You didn't know any spells.
Your spell library contained the following spells:

 Spells                   Type           Power      Damage    Failure   Level
 Foxfire                  Conj/Fire      0%         2x1d4     30%         1
 Necrotise                Necr           0%         1d4       30%         1
 Shock                    Conj/Air       0%         1d3       30%         1
 Ensorcelled Hibernation  Hex/Ice        0%         N/A       43%         2
 Dazzling Flash           Conj/Hex       0%         N/A       67%         3
 Gell's Gravitas          Tloc           0%         N/A       67%         3
 Hailstorm                Conj/Ice       0%         3d3       67%         3
 Ignite Poison            Fire/Tmut/Pois 0%         N/A       67%         3
 Inner Flame              Hex/Fire       0%         N/A       67%         3
 Ozocubu's Armour         Ice            0%         N/A       67%         3
 Portal Projectile        Hex/Tloc       0%         N/A       67%         3
 Swiftness                Air            0%         N/A       67%         3
 Teleport Other           Tloc           0%         N/A       67%         3
 Vampiric Draining        Necr           0%         2d6       67%         3
 Volatile Blastmotes      Fire/Tloc      0%         2d10      67%         3
 Airstrike                Air            0%         2d(0-16)  97%         4
 Anguish                  Hex/Necr       0%         N/A       97%         4
 Cause Fear               Hex            0%         N/A       97%         4
 Flame Wave               Conj/Fire      0%         2d4       97%         4
 Leda's Liquefaction      Hex/Erth       0%         N/A       97%         4
 Manifold Assault         Tloc           0%         N/A       97%         4
 Passage of Golubria      Tloc           0%         N/A       97%         4
 Petrify                  Tmut/Erth      0%         N/A       97%         4
 Sticky Flame             Conj/Fire      0%         2d3       97%         4
 Agony                    Necr           0%         N/A       100%        5
 Borgnjor's Vile Clutch   Necr/Erth      0%         N/A       100%        5
 Fireball                 Conj/Fire      0%         3d3       100%        5
 Irradiate                Conj/Tmut      0%         3d11      100%        5
 Iskenderun's Battlesphe  Conj           0%         2d6       100%        5
 Lee's Rapid Deconstruct  Erth           0%         3d4*      100%        5
 Metabolic Englaciation   Hex/Ice        0%         N/A       100%        5
 Silence                  Hex/Air        0%         N/A       100%        5
 Yara's Violent Unravell  Hex/Tmut       0%         3d3       100%        5
 Dispersal                Tloc           0%         N/A       100%        6
 Leda's Unmaking          Conj/Erth      0%         9d1       100%        6
 Plasma Beam              Fire/Air       0%         2x1d10    100%        6
 Starburst                Conj/Fire      0%         6d3       100%        6
 Enfeeble                 Hex            0%         N/A       100%        7
 Ozocubu's Refrigeration  Ice            0%         4d7       100%        7
 Disjunction              Tloc           0%         N/A       100%        8
 Ignition                 Fire           0%         3d3       100%        8
 Lehudib's Crystal Spear  Conj/Erth      0%         10d2      100%        8
 Maxwell's Capacitive Co  Air            0%         ∞         100%        8
 Polar Vortex             Ice            0%         N/A       100%        9
 Sublimation of Blood     Necr           Unusable   N/A       N/A         2
 Call Canine Familiar     Summ           Unusable   N/A       N/A         3
 Animate Armour           Summ/Erth      Unusable   N/A       N/A         4
 Animate Dead             Necr           Unusable   N/A       N/A         4
 Summon Ice Beast         Ice/Summ       Unusable   N/A       N/A         4
 Summon Lightning Spire   Summ/Air       Unusable   N/A       N/A         4
 Death Channel            Necr           Unusable   N/A       N/A         6
 Simulacrum               Ice/Necr       Unusable   N/A       N/A         6
 Spellforged Servitor     Conj/Summ      Unusable   N/A       N/A         7
 Dragon's Call            Summ           Unusable   N/A       N/A         9

Dungeon Overview and Level Annotations

Branches:
Dungeon (15/15)            Temple (1/1) D:7            Lair (5/5) D:11
  Swamp (4/4) Lair:2        Snake (4/4) Lair:2        Slime (0/5) Lair:4
    Orc (2/2) D:12            Elf (3/3) Orc:2        Vaults (5/5) D:13
  Crypt (0/3) Vaults:2     Depths (4/4) D:15            Zot (5/5) Depths:4
Ossuary (visited)          Bailey (visited)           IceCv (visited)

Altars:
Ashenzari
Cheibriados
Dithmenos
Elyvilon
Fedhas
Gozag
Hepliaklqana
Kikubaaqudgha
Makhleb
Nemelex Xobeh
Okawaru
Qazlal
Ru
Sif Muna
Trog
Uskayaw
Vehumet
Wu Jian
Xom
Yredelemnul
Zin
The Shining One
Jiyva

Shops:
D:7 ?   Orc:2 ?[!=   Elf:1 [   Snake:4 **   Vaults:1 [   Vaults:3 [
Vaults:4 [   Vaults:5 ??!===*(   Depths:4 :=:

Portals:
Hell: Depths:1 Depths:2 Depths:3 Depths:4
Abyss: Depths:2 Depths:3
Pandemonium: Depths:2
Ziggurat: Depths:2

Annotations:
D:3 exclusion: downstairs
D:4 exclusion: downstairs
D:5 3 runed translucent doors, TobyConnect's ghost, novice DsSh
D:10 exclusion: downstairs
Depths:2 1 exclusion


Innate Abilities, Weirdness & Mutations

You are a living statue of rough stone.
Your actions are slow, but your melee attacks are powerful.
You are resistant to unholy torment.
Your maximum health is greatly increased.
Your equipment is partially melded.
You are immune to poison.
((You are very nimble when in or above water. (Stealth+, EV+, Speed+++)))
Your lower body shifts to a powerful aquatic tail in water.
You have sharp fingernails.
((You are partially covered in iridescent scales. (AC +2)))
Your body sometimes deteriorates upon taking damage.
You are frail. (-10% HP)
You occasionally shout uncontrollably at your foes.


Message History

No target in view!
What level of the Dungeon? (default 1, ? - help)
A sun demon comes into view.
The sun demon moves out of view.
What level of the Dungeon? (default 1, ? - help)
There is a stone staircase leading up here.
You fly upwards.
There is a stone staircase leading down here.
A hellion comes into view.
Aiming: Thunderbolt
Press: ? - help, Shift-Dir - straight line, f - hellion
Aim: a hellion The thunderbolt hits the hellion!!
The hellion is heavily wounded.
Unknown command.
Unknown command.
Aiming: Thunderbolt
Press: ? - help, Shift-Dir - straight line, f/p - hellion
Aim: a hellion (heavily wounded)
The thunderbolt hits the hellion!!
You kill the hellion!
Okawaru accepts your kill.
Unknown command.
An Ice Fiend comes into view.
The Ice Fiend roars!
The Ice Fiend calls on the powers of darkness!
Your body is wracked with pain!
As you read the scroll of fog, it dissolves into smoke.
The Ice Fiend gestures at you. The bolt of cold hits you. You resist.
The Ice Fiend completely misses you. x2
The Ice Fiend gestures at you. The bolt of cold misses you.
You chop the Ice Fiend into pieces!!!!
You kill the Ice Fiend!
Okawaru accepts your kill.
You feel your intelligence returning.
Okay, then.
There is a staircase leading out of the dungeon here.
You have escaped!

.†................[........#
###.####........#.....#..#####
#.# #..............#......# ##
#.# #.........#........##.# #.
###.# #..##..............##.# #.
....# #..#..≈≈≈≈≈≈≈.......#.# #.
.#### #....≈≈.♣...≈≈......#.# #.
.# #...≈≈....♣..≈≈.....#.###. .#
###..≈≈.♣..8.8..≈≈.##...[... .#
#....≈..8........≈..........
.#####....≈...........≈.####.#...
..........≈≈........)≈≈.###.#....
...........≈≈.♣..8..≈≈.....###...
######......≈≈.....≈≈..####.#....
#...#...≈≈≈.≈≈≈..######.#...
#.......................###.
##.#.....§.§......######## #.


There were no monsters in sight!

Vanquished Creatures
  3 pandemonium lords
  Tiamat (Zot:2)
  3 dread liches
  An ancient lich (Vaults:5)
  3 orbs of fire (Zot:5)
  The ghost of Howanit the Eclecticist, a veteran DjCj of Ashenzari (Elf:2)
  Sojobo (Vaults:3)
  8 Killer Klowns (Zot:5)
  Bai Suzhen (Swamp:4)
  3 shard shrikes
  Saint Roka (Snake:4)
  4 curse toes
  17 golden dragons
  Norris (Elf:1)
  3 Tzitzimimeh
  A Brimstone Fiend (D:13)
  3 electric golems
  2 walking crystal tomes (Depths:3)
  Rupert (D:15)
  13 tentacled monstrosities
  Asterion (Vaults:2)
  4 liches
  An Ice Fiend (D:1)
  A walking earthen tome (Depths:3)
  32 Orb Guardians
  3 quicksilver dragons
  2 titans (Vaults:5)
  2 deep elf blademasters
  A walking frostbound tome (Depths:4)
  The ghost of Xarreyl the Stormcaller, an adept TeCA of Ignis (Elf:3)
  A deep elf master archer (Elf:3)
  2 Executioners
  Frances (Swamp:1)
  4 death cobs
  5 sphinxes
  Agnes (Snake:4)
  The ghost of flestrin the Devastator, an adept DgCj (Snake:4)
  The ghost of popps the Tortoise, an adept MiBe of Trog (Swamp:3)
  Kirke (Lair:3)
  4 thorn hunters (Swamp:4)
  11 shadow dragons
  18 tengu reavers
  Aizul (Snake:2)
  8 draconian monks
  18 storm dragons
  8 nagarajas (Snake:4)
  9 fire giants
  7 deep elf sorcerers
  8 draconian scorchers
  Louise (D:15)
  10 draconian knights
  16 frost giants
  20 vault wardens
  2 ghost moths
  4 spectral caustic shrikes (Depths:3)
  6 draconian shifters
  2 balrugs
  2 draconian stormcallers
  5 deep elf elementalists
  4 orc warlords
  3 war gargoyles
  A spriggan defender (Depths:3)
  6 draconian annihilators
  3 formless jellyfish
  25 ironbound preservers
  20 stone giants
  16 very ugly things
  A reaper (D:3)
  11 green draconians
  8 deep elf demonologists
  3 vampire knights
  A lorocyproca (Zot:5)
  5 ironbound thunderhulks
  14 dire elephants
  3 eleionomae
  11 white draconians
  10 deep elf annihilators
  10 bunyips
  13 red draconians
  11 black draconians
  15 yellow draconians
  3 spark wasps (Depths:4)
  A blizzard demon (Depths:3)
  9 purple draconians
  9 fire dragons
  9 crystal guardians
  7 deep elf death magi
  4 great orbs of eyes
  2 entropy weavers
  12 deep elf high priests
  14 yaktaur captains
  11 ettins
  A spectral fenstrider witch (Swamp:3)
  2 shambling mangroves
  Josephine (D:12)
  A rakshasa (D:15)
  44 vault guards
  2 salamander tyrants (Snake:3)
  17 ice dragons
  3 ghost crabs
  15 hydras
  2 juggernaut simulacra (Depths:3)
  9 anacondas
  A death knight (D:14)
  A spriggan air mage (Depths:4)
  2 peacekeepers
  10 ironbound frosthearts
  13 centaur warriors
  Erica (Lair:1)
  4 boulder beetles
  3 catoblepae (Lair:5)
  7 ogre magi
  An alligator (shapeshifter) (Vaults:5)
  4 hell hogs (Depths:4)
  18 naga warriors
  2 two-headed ogres (shapeshifter) (Vaults:5)
  13 death yaks
  7 two-headed ogres
  A vampire mage (Depths:2)
  30 dancing weapons
  8 alligators
  Urug (Lair:5)
  4 tengu warriors
  5 deep troll earth magi
  7 deep troll shamans
  A spriggan berserker (Depths:4)
  An orc high priest (D:12)
  A shock serpent (shapeshifter) (Vaults:4)
  7 shock serpents
  6 sun demons
  18 hell knights
  Sonja (Lair:5)
  10 deep elf knights
  11 naga sharpshooters
  5 iron trolls
  5 skeletal warriors (Vaults:2)
  5 skysharks
  A soul eater (Zot:3)
  A salamander mystic (Snake:3)
  5 sea snakes
  A glowing orange brain (shapeshifter) (D:14)
  A goliath frog (Swamp:1)
  40 deep trolls
  A titan skeleton (Vaults:4)
  A glowing orange brain (Depths:1)
  14 swamp dragons
  6 naga ritualists
  4 bog bodies
  19 ironbound convokers
  Pikel (D:4)
  2 spriggan druids
  An obsidian statue (Snake:4)
  5 wizards
  5 phantasmal warriors
  7 necromancers
  12 deep elf archers
  23 deep elf zephyrmancers
  15 orc knights
  3 lindwurms (Vaults:2)
  21 deep elf pyromancers
  2 fenstrider witch simulacra (Swamp:3)
  A mana viper (shapeshifter) (Elf:3)
  Jeremiah (Lair:1)
  35 ugly things
  2 tengu skeletons (Vaults:2)
  7 harpies
  10 orc sorcerers
  8 cyclopes
  5 will-o-the-wisps
  A manticore (shapeshifter) (D:15)
  10 mana vipers
  4 manticores
  14 salamanders
  A fire giant skeleton (Vaults:2)
  12 elephants
  A sphinx skeleton (Vaults:4)
  10 vault sentinels
  7 guardian serpents
  2 moths of wrath (shapeshifter)
  An elephant (shapeshifter) (Vaults:1)
  25 moths of wrath
  3 rust devils
  4 stone giant skeletons (Vaults:2)
  A water nymph (shapeshifter) (Vaults:5)
  An orange demon (Depths:4)
  14 naga magi
  42 black mambas
  2 smoke demons
  2 ice statues (IceCv)
  11 cane toads
  2 gargoyles
  3 hellions
  2 unseen horrors (D:11)
  2 kobold demonologists
  39 yaktaurs
  8 freezing wraiths
  Maggie (D:9)
  3 komodo dragons
  3 ice devils
  11 rime drakes
  2 tormentors
  A tengu conjurer (Depths:1)
  A spectral death drake (Swamp:3)
  3 tyrant leeches
  5 red devils
  2 polar bears
  2 yaktaur skeletons (Vaults:2)
  3 human skeletons (Vaults:2)
  2 wind drakes (shapeshifter)
  5 hornets
  3 hellwings (Depths:2)
  4 trolls
  A wind drake (Lair:4)
  5 dream sheep (Lair:3)
  19 blink frogs
  2 raiju (shapeshifter)
  A dream sheep (shapeshifter) (D:15)
  7 air elementals
  A slime creature (shapeshifter) (Elf:3)
  2 spriggans (Swamp:3)
  42 yaks
  A shadow (D:11)
  A culicivora (Vaults:1)
  37 slime creatures
  2 water elementals
  An elf skeleton (Vaults:4)
  4 wraiths
  2 vampires
  An ettin skeleton (Vaults:2)
  A spriggan (shapeshifter) (Vaults:4)
  3 fire elementals
  2 hogs
  2 basilisks
  2 humans (Lair:3)
  9 wyverns
  2 chaos spawn
  2 vampire mosquitoes (D:12)
  2 redbacks
  A yaktaur simulacrum (Vaults:2)
  3 spriggan simulacra (Swamp:3)
  49 nagas
  15 swamp worms
  3 wargs
  2 death drake simulacra (Swamp:3)
  An acid dragon (D:10)
  12 water moccasins
  9 swamp drakes
  A glowing shapeshifter zombie (Vaults:2)
  A floating eye (Vaults:4)
  A hell hound (Swamp:1)
  51 orc warriors
  3 ice beasts
  4 black bears
  8 ogres
  A tengu (shapeshifter) (Vaults:4)
  17 wolves
  3 boggarts (D:15)
  3 centaurs
  A lemure (D:4)
  4 kobold brigands
  14 bullfrogs
  An elf zombie (Ossuary)
  2 earth elementals
  A gnoll sergeant (D:8)
  A small abomination (Zot:5)
  A glowing shapeshifter simulacrum (Depths:3)
  5 scorpions
  10 wights
  7 killer bees
  A lindwurm simulacrum (IceCv)
  A human simulacrum (Vaults:2)
  6 howler monkeys
  3 electric eels
  2 centaur zombies (Ossuary)
  3 hounds
  7 komodo dragon simulacra (IceCv)
  A jelly (D:6)
  2 human zombies (Ossuary)
  28 orc priests
  A gnoll bouda (D:7)
  Ijyb (D:4)
  5 hell rats
  A sleepcap (D:4)
  2 iguanas
  47 orc wizards
  2 hound zombies (Ossuary)
  3 mummies (Ossuary)
  15 gnolls
  8 acid dragon simulacra (IceCv)
  10 adders
  A river rat (D:11)
  A shadow imp (D:5)
  7 white imps
  5 steam dragon simulacra (IceCv)
  An adder zombie (Ossuary)
  4 worms
  4 dart slugs
  103 orcs
  4 bats (D:1)
  7 endoplasms
  2 giant cockroaches
  13 goblins
  11 hobgoblins
  2 jackals (D:1)
  26 kobolds
  4 quokkas (D:11)
  6 ball pythons
  5 frilled lizards
  5 goblin zombies (Ossuary)
  2 hobgoblin zombies (Ossuary)
  6 jackal zombies (Ossuary)
  4 kobold zombies (Ossuary)
  2 orc zombies (Ossuary)
  4 quokka zombies (Ossuary)
  5 rats
  A rat (shapeshifter) (Vaults:5)
  5 rat zombies (Ossuary)
2195 creatures vanquished.

Vanquished Creatures (others)
  An ancient lich (Vaults:5)
  A deep elf knight (Elf:2)
  A deep troll (Depths:4)
  A deep elf zephyrmancer (Elf:1)
  A vault sentinel (Vaults:2)
  A wyvern (shapeshifter) (Depths:4)
  An orc (Vaults:5)
  18 foxfires
25 creatures vanquished.

Grand Total: 2220 creatures vanquished

Notes
Turn   | Place    | Note
-------+----------+-------------------------------------------
     0 | D:1      | motkurizz the Merfolk Monk began the quest for the Orb.
     0 | D:1      | Reached XP level 1. HP: 18/18 MP: 1/1
    77 | D:1      | Reached XP level 2. HP: 19/24 MP: 2/2
   389 | D:1      | Reached XP level 3. HP: 26/29 MP: 3/3
   914 | D:2      | Reached XP level 4. HP: 37/37 MP: 4/4
  1094 | D:2      | Reached skill level 5 in Long Blades
  1720 | D:3      | Reached skill level 5 in Dodging
  1720 | D:3      | Reached XP level 5. HP: 33/42 MP: 5/5
  1841 | D:3      | Identified the +8 dagger of Untimely Demise {pain, rPois}
  2261 | D:4      | Noticed Pikel
  2261 | D:4      | Noticed a lemure
  2261 | D:4      | Noticed a lemure
  2261 | D:4      | Noticed a lemure
  2306 | D:4      | Reached skill level 1 in Short Blades
  2314 | D:4      | Noticed an ogre
  2325 | D:4      | Killed an ogre
  2326 | D:4      | Reached XP level 6. HP: 49/49 MP: 6/6
  2334 | D:4      | Noticed Ijyb
  2346 | D:4      | Killed Ijyb
  2554 | D:4      | Noticed a black bear
  2563 | D:4      | Killed a black bear
  2564 | D:4      | Reached skill level 5 in Fighting
  2564 | D:4      | Reached XP level 7. HP: 55/56 MP: 7/7
  2738 | D:4      | Found a radiant altar of Vehumet.
  2763 | D:5      | Entered Level 5 of the Dungeon
  2926 | D:4      | Identified the +6 hand axe of Dawn {venom, Will+ Str+3}
  2977 | D:4      | Killed Pikel
  2978 | D:4      | Reached XP level 8. HP: 37/64 MP: 8/8
  3241 | D:5      | You fall into a shaft and drop 2 floors!
  3247 | D:7      | Found a staircase to the Ecumenical Temple.
  3257 | Temple   | Entered the Ecumenical Temple
  3272 | Temple   | Became a worshipper of Warmaster Okawaru
  3272 | Temple   | Reached * piety under Okawaru
  3272 | Temple   | Reached ** piety under Okawaru
  3344 | D:7      | Found a sand-covered staircase.
  3353 | Ossuary  | Entered an ossuary
  3575 | Ossuary  | Reached skill level 1 in Evocations
  3599 | Ossuary  | Reached skill level 1 in Invocations
  3608 | Ossuary  | Identified a scroll of acquirement
  3609 | Ossuary  | Acquired the scarf "Bimp" {repulsion, rF+ rN+}
  4181 | D:5      | Reached XP level 9. HP: 69/72 MP: 10/10
  4343 | D:5      | Identified the +8 sling "Hilach" {heavy, +Blink Fly rC+}
  4343 | D:5      | Identified the +2 leather armour of the Doldrums {Dex+4}
  4345 | D:5      | Found a runed translucent gate.
  4346 | D:5      | Found a runed translucent gate.
  4346 | D:5      | Identified the +11 whip "Fenobb" {heavy, *Rage Fly SInv}
  4347 | D:5      | Noticed TobyConnect's ghost (novice DsSh)
  4437 | D:5      | Found a runed translucent gate.
  4585 | D:5      | Reached *** piety under Okawaru
  4882 | D:5      | Found a shadowy altar of Dithmenos.
  4882 | D:5      | Found a faded altar of an unknown god.
  4890 | D:5      | Found a shimmering blue altar of Sif Muna.
  4892 | D:5      | Found a faded altar of an unknown god.
  4894 | D:5      | Found an opulent altar of Gozag.
  5155 | D:6      | Noticed a troll
  5167 | D:6      | Killed a troll
  5168 | D:6      | Reached skill level 1 in Armour
  5452 | D:6      | Reached skill level 10 in Dodging
  5925 | D:7      | Found Estyupro's Magic Scroll Shoppe.
  5953 | D:7      | Reached XP level 10. HP: 79/82 MP: 11/11
  5973 | D:7      | Bought a scroll of noise for 12 gold pieces
  5973 | D:7      | Bought a scroll of identify for 24 gold pieces
  5975 | D:7      | Identified the +6 sling of Weacys {heavy, rElec rF+ Str+2
                  | Int+3}
  6188 | D:7      | Found a shimmering altar of Xom.
  6715 | D:8      | Reached **** piety under Okawaru
  7061 | D:8      | Found a bloodstained altar of Trog.
  7094 | D:8      | Found a glowing golden altar of the Shining One.
  7384 | D:8      | Noticed a two-headed ogre
  7404 | D:8      | Killed a two-headed ogre
  7404 | D:8      | Reached ***** piety under Okawaru
  7526 | D:9      | Identified the +0 robe of Beogh's Hope {rN+}
  7545 | D:9      | Noticed a two-headed ogre
  7557 | D:9      | Killed a two-headed ogre
  7656 | D:9      | Identified the +8 plate armour "Dadu Maluk" {Harm rPois}
                  | (Okawaru gifted it to you on level 9 of the Dungeon)
  7656 | D:9      | Received a gift from Okawaru
  7670 | D:9      | Noticed Maggie
  7671 | D:9      | Reached skill level 10 in Fighting
  7684 | D:9      | Reached XP level 11. HP: 72/90 MP: 8/14
  7689 | D:9      | Killed Maggie
  7694 | D:9      | Reached skill level 5 in Invocations
  7831 | D:9      | Found a flagged portal.
  7848 | Bailey   | Entered a bailey
  7891 | Bailey   | Noticed an orc warlord
  7892 | Bailey   | Found the +11 plutonium sword {Contam Stlth-}
  7986 | Bailey   | Noticed an orc knight
  8023 | Bailey   | Killed an orc knight
  8090 | Bailey   | Found a runed translucent gate.
  8090 | Bailey   | Found a runed translucent gate.
  8090 | Bailey   | Found a runed translucent gate.
  8273 | Bailey   | Killed an orc warlord
  8403 | D:9      | Acquired a manual of Long Blades
  8783 | D:10     | Entered Level 10 of the Dungeon
  9074 | D:10     | Noticed a two-headed ogre
  9092 | D:10     | Killed a two-headed ogre
  9521 | D:11     | Found a burning altar of Makhleb.
  9684 | D:11     | Noticed a red ugly thing
  9705 | D:11     | Killed a red ugly thing
  9752 | D:11     | Noticed a boulder beetle
  9770 | D:11     | Killed a boulder beetle
  9969 | D:11     | Noticed a death yak
  9998 | D:11     | Killed a death yak
  9998 | D:11     | Received a gift from Okawaru
 10033 | D:11     | Found a staircase to the Lair.
 10034 | D:11     | Noticed a death yak
 10038 | D:11     | Noticed a death yak
 10046 | D:11     | Killed a death yak
 10057 | D:11     | Killed a death yak
 10058 | D:11     | Reached skill level 10 in Long Blades
 10058 | D:11     | Reached XP level 12. HP: 68/100 MP: 17/17
 10108 | D:11     | Noticed a two-headed ogre
 10132 | D:11     | Noticed a boulder beetle
 10229 | Lair:1   | Entered Level 1 of the Lair of Beasts
 10452 | Lair:1   | Noticed Jeremiah
 10476 | Lair:1   | Killed Jeremiah
 10549 | Lair:1   | Noticed Erica
 10562 | Lair:1   | Killed Erica
 11249 | Lair:1   | Reached ****** piety under Okawaru
 11627 | Lair:2   | Identified the +6 dagger "Herhil" {elec, *Rage rPois Will+
                  | rCorr} (Okawaru gifted it to you on level 2 of the Lair of
                  | Beasts)
 11627 | Lair:2   | Received a gift from Okawaru
 11653 | Lair:2   | Noticed a skyshark
 11662 | Lair:2   | Killed a skyshark
 11765 | Lair:2   | Reached XP level 13. HP: 98/109 MP: 16/19
 11776 | Lair:2   | Reached skill level 15 in Long Blades
 11818 | Lair:2   | Found a staircase to the Swamp.
 11911 | Lair:2   | Found a frozen archway.
 11936 | IceCv    | Entered an ice cave
 12459 | IceCv    | Reached skill level 15 in Dodging
 12543 | IceCv    | Noticed an ice dragon
 12844 | IceCv    | Received a gift from Okawaru
 13277 | IceCv    | Killed an ice dragon
 13366 | IceCv    | Identified the ring "Vedduix" {Fly rC++ EV+5 Int+2}
 14000 | Lair:2   | Found a staircase to the Snake Pit.
 14376 | Lair:3   | Noticed Kirke
 14406 | Lair:3   | Killed Kirke
 14769 | Lair:3   | Received a gift from Okawaru
 15124 | Lair:3   | Identified the +5 scale mail of Makhleb's Outrage {Will+}
 15705 | Lair:4   | You are sucked into a shaft and drop 1 floor!
 15705 | Lair:5   | Entered Level 5 of the Lair of Beasts
 15716 | Lair:5   | Reached XP level 14. HP: 119/119 MP: 20/20
 15865 | Lair:5   | Noticed Urug
 15890 | Lair:5   | Killed Urug
 16154 | Lair:5   | Identified the +0 pair of gloves of an ossuary {rElec
                  | Dex+4} (Okawaru gifted it to you on level 5 of the Lair of
                  | Beasts)
 16154 | Lair:5   | Received a gift from Okawaru
 16718 | Lair:5   | Reached skill level 5 in Armour
 17203 | Lair:4   | Found a viscous altar of Jiyva.
 17204 | Lair:4   | Found a staircase to the Slime Pits.
 17274 | Lair:4   | Identified the +9 triple sword of motkurizz's Honour
                  | {freeze, Dex+2} (Okawaru gifted it to you on level 4 of the
                  | Lair of Beasts)
 17274 | Lair:4   | Received a gift from Okawaru
 17776 | Lair:4   | Gained mutation: You are clumsy. (Dex -2) [mutagenic glow]
 18010 | Lair:5   | Noticed Sonja
 18020 | Lair:5   | Killed Sonja
 18233 | Lair:5   | Reached XP level 15. HP: 125/127 MP: 21/21
 18542 | Lair:5   | Identified the +1 leather armour of Makhleb's Reproof
                  | {rPois rF+++ Str-4 SInv}
 18548 | Lair:5   | Identified the amulet "Cymiojis" {RegenMP rElec}
 19197 | D:12     | Identified the +1 troll leather armour of Eternal Night
                  | {Regen+ Slay+3} (Okawaru gifted it to you on level 12 of
                  | the Dungeon)
 19197 | D:12     | Received a gift from Okawaru
 19236 | D:12     | Found a staircase to the Orcish Mines.
 19575 | D:12     | Noticed an orc warlord
 19576 | D:12     | Noticed Josephine
 19589 | D:12     | Killed Josephine
 19601 | D:12     | Killed an orc warlord
 19718 | D:12     | Reached skill level 15 in Fighting
 19911 | Orc:1    | Entered Level 1 of the Orcish Mines
 20481 | Orc:2    | Entered Level 2 of the Orcish Mines
 20875 | Orc:2    | Found a staircase to the Elven Halls.
 21342 | Orc:2    | Found Cif Udosuhuv's Magic Scroll Shop.
 21358 | Orc:2    | Bought a scroll of blinking for 105 gold pieces
 21394 | Orc:2    | Found an ancient bone altar of Kikubaaqudgha.
 21424 | Orc:2    | Found Tymyicwatti's Antique Armour Shop.
 21434 | Orc:2    | Identified the +1 quick blade "Giantbane" {protect, Will+}
                  | (Okawaru gifted it to you on level 2 of the Orcish Mines)
 21434 | Orc:2    | Received a gift from Okawaru
 21445 | Orc:2    | Found a radiant altar of Vehumet.
 21487 | Orc:2    | Found Juorej's Distillery.
 21512 | Orc:2    | Found Bafy Geo's Jewellery Boutique.
 21520 | Orc:2    | Bought a potion of curing for 45 gold pieces
 21650 | Orc:2    | Bought a scroll of fear for 56 gold pieces
 21650 | Orc:2    | Bought a scroll of enchant armour for 105 gold pieces
 21650 | Orc:2    | Bought a scroll of fear for 56 gold pieces
 21650 | Orc:2    | Bought a scroll of teleportation for 42 gold pieces
 22146 | D:13     | Found a gate to the Vaults.
 22434 | D:13     | Identified the +5 triple sword "Sesea" {distort, *Corrode
                  | rElec Int+3 SInv} (Okawaru gifted it to you on level 13 of
                  | the Dungeon)
 22434 | D:13     | Received a gift from Okawaru
 22879 | D:14     | Reached XP level 16. HP: 136/136 MP: 23/23
 23065 | D:14     | Reached skill level 10 in Invocations
 23191 | D:14     | Found a blossoming altar of Fedhas.
 23230 | D:14     | Reached skill level 1 in Stealth
 23546 | D:15     | Entered Level 15 of the Dungeon
 23644 | D:15     | Noticed Rupert
 23676 | D:15     | Killed Rupert
 23676 | D:15     | Received a gift from Okawaru
 23676 | D:15     | Found the +9 sword of Power {lifebolt}
 24001 | D:15     | Noticed Louise
 24011 | D:15     | Killed Louise
 24115 | D:15     | Found a staircase to the Depths.
 24584 | D:15     | Found a radiant altar of Vehumet.
 24598 | D:15     | Identified the +0 plate armour of Faegh {-Tele Contam rPois
                  | Will+++} (Okawaru gifted it to you on level 15 of the
                  | Dungeon)
 24598 | D:15     | Received a gift from Okawaru
 25004 | Snake:1  | Entered Level 1 of the Snake Pit
 25068 | Snake:1  | Identified the +5 ring mail of the Lair of Beasts {Int+8
                  | Stlth-}
 25226 | Swamp:1  | Entered Level 1 of the Swamp
 25496 | Swamp:1  | Noticed Frances
 25510 | Swamp:1  | Killed Frances
 26205 | Swamp:2  | Reached XP level 17. HP: 126/144 MP: 25/25
 26722 | Swamp:3  | Reached skill level 5 in Stealth
 26741 | Swamp:3  | Identified the +2 chain mail of Losepoll {Will+} (Okawaru
                  | gifted it to you on level 3 of the Swamp)
 26741 | Swamp:3  | Received a gift from Okawaru
 26882 | Swamp:3  | Lost mutation: You are clumsy. (Dex -2) [potion of
                  | mutation]
 26882 | Swamp:3  | Gained mutation: You have a pair of small antennae on your
                  | head. [potion of mutation]
 26882 | Swamp:3  | Gained mutation: You are robust. (+10% HP) [potion of
                  | mutation]
 27041 | Swamp:3  | Found a runed translucent gate.
 27042 | Swamp:3  | Found a runed translucent gate.
 27043 | Swamp:3  | Found a runed translucent gate.
 27046 | Swamp:3  | Noticed popps's ghost (adept MiBe)
 27369 | Swamp:3  | Reached XP level 18. HP: 168/168 MP: 26/26
 27456 | Swamp:4  | Entered Level 4 of the Swamp
 27528 | Swamp:4  | Identified the ring "Xahec" {rElec rF+ Will+ Slay+3}
 27698 | Swamp:4  | Noticed a tentacled monstrosity
 27710 | Swamp:4  | Killed a tentacled monstrosity
 27712 | Swamp:4  | Noticed Bai Suzhen
 27906 | Swamp:4  | Killed Bai Suzhen
 28422 | Swamp:4  | Identified the +6 falchion of the Lurker {venom, rF+++
                  | Will- MP+9}
 28477 | Swamp:4  | Received a gift from Okawaru
 28572 | Swamp:4  | Got a decaying rune of Zot
 28875 | Swamp:3  | Killed popps's ghost
 29398 | Elf:1    | Entered Level 1 of the Elven Halls
 29406 | Elf:1    | Paralysed by an air elemental for 1 turns
 29410 | Elf:1    | Reached skill level 5 in Evocations
 29537 | Elf:1    | Found Liudyss's Armour Boutique.
 29660 | Elf:1    | Identified the +4 orcbow of the Endless March {drain, rC+
                  | Will++ rCorr Stlth-}
 29718 | Elf:1    | Reached XP level 19. HP: 172/174 MP: 28/28
 29823 | Elf:1    | Received a gift from Okawaru
 29899 | Elf:1    | Noticed Norris
 29910 | Elf:1    | Killed Norris
 30375 | Elf:2    | Noticed Howanit's ghost (veteran DjCj)
 30745 | Elf:2    | Found a runed translucent door.
 30948 | Elf:2    | Received a gift from Okawaru
 30957 | Elf:2    | Found a runed translucent gate.
 30957 | Elf:2    | Found a runed translucent gate.
 30957 | Elf:2    | Found a runed translucent gate.
 31179 | Elf:2    | Reached skill level 10 in Armour
 31498 | Elf:2    | Identified the +8 quarterstaff "Popeiwiu" {protect, rElec
                  | rF- rC+ rN+} (Okawaru gifted it to you on level 2 of the
                  | Elven Halls)
 31498 | Elf:2    | Received a gift from Okawaru
 31853 | Elf:2    | Killed Howanit's ghost
 31969 | Elf:3    | Entered Level 3 of the Elven Halls
 32117 | Elf:3    | Found a runed translucent door.
 32191 | Elf:3    | Noticed Xarreyl's ghost (adept TeCA)
 32265 | Elf:3    | Killed Xarreyl's ghost
 32592 | Elf:3    | Identified the -1 hat of Kialaase {Str+3} (Okawaru gifted
                  | it to you on level 3 of the Elven Halls)
 32592 | Elf:3    | Received a gift from Okawaru
 33160 | Elf:3    | Reached XP level 20. HP: 186/189 MP: 29/29
 33493 | Elf:3    | Identified the +6 war axe "Jellyslayer" {flame, rElec
                  | rPois}
 33625 | Elf:3    | Noticed a Brimstone Fiend
 34006 | Elf:3    | Identified the +3 hat of Shadows and Fog {rN+} (Okawaru
                  | gifted it to you on level 3 of the Elven Halls)
 34006 | Elf:3    | Received a gift from Okawaru
 34230 | Elf:3    | Identified the +6 long sword "Ranar" {vamp, rPois Str+3}
 34311 | Elf:3    | Identified the ring of the Arcadian God {Dex+4 SInv}
 34467 | Elf:3    | Acquired the +0 pair of fencer's gloves {Riposte Dex+3}
 34467 | Elf:3    | Found the +0 pair of fencer's gloves {Riposte Dex+3}
 34963 | Snake:1  | Reached skill level 1 in Shapeshifting
 35021 | Snake:1  | Reached skill level 2 in Shapeshifting
 35292 | Snake:1  | Reached skill level 3 in Shapeshifting
 35558 | Snake:2  | Reached skill level 4 in Shapeshifting
 35702 | Snake:2  | Reached skill level 5 in Shapeshifting
 35952 | Snake:2  | Reached skill level 6 in Shapeshifting
 36305 | Snake:2  | Noticed Aizul
 36318 | Snake:2  | Killed Aizul
 36914 | Snake:3  | Found an iron altar of Okawaru.
 37004 | Snake:3  | Reached skill level 7 in Shapeshifting
 37013 | Snake:3  | Identified the +12 crystal plate armour "Vaciunku" {rElec
                  | MP+9} (Okawaru gifted it to you on level 3 of the Snake
                  | Pit)
 37013 | Snake:3  | Received a gift from Okawaru
 37247 | Snake:3  | Reached skill level 8 in Shapeshifting
 37416 | Snake:3  | Reached skill level 9 in Shapeshifting
 37706 | Snake:4  | Entered Level 4 of the Snake Pit
 37759 | Snake:4  | Noticed Agnes
 37764 | Snake:4  | Killed Agnes
 37842 | Snake:4  | Identified the +2 flail of Termination {heavy, Fly rCorr
                  | Str+3}
 37853 | Snake:4  | Reached skill level 10 in Shapeshifting
 37878 | Snake:4  | Reached XP level 21. HP: 199/201 MP: 30/30
 37896 | Snake:4  | Found a runed translucent gate.
 37896 | Snake:4  | Found an opulent altar of Gozag.
 37897 | Snake:4  | Found a runed translucent gate.
 37897 | Snake:4  | Found a runed translucent gate.
 37898 | Snake:4  | Found Gugofi Memi's Assorted Antiques.
 37898 | Snake:4  | Noticed flestrin's ghost (adept DgCj)
 38010 | Snake:4  | Noticed Saint Roka
 38030 | Snake:4  | Killed Saint Roka
 38211 | Snake:4  | Found Famekum's Assorted Antiques.
 38361 | Snake:4  | Reached skill level 11 in Shapeshifting
 38442 | Snake:4  | Identified the +0 plate armour "Gakias" {rPois rC++}
                  | (Okawaru gifted it to you on level 4 of the Snake Pit)
 38442 | Snake:4  | Received a gift from Okawaru
 38654 | Snake:4  | Reached skill level 12 in Shapeshifting
 38810 | Snake:4  | Got a serpentine rune of Zot
 38912 | Snake:4  | Killed flestrin's ghost
 38926 | Snake:4  | Reached skill level 13 in Shapeshifting
 38982 | Snake:4  | Bought a scroll of acquirement for 1612 gold pieces
 38999 | Snake:4  | Acquired 506 gold pieces
 39008 | Snake:4  | Bought a vibrating platinum ring for 195 gold pieces
 39008 | Snake:4  | Identified the ring of Ugro {rF+ Will+ EV+5 Int-2} (You
                  | bought it in a shop on level 4 of the Snake Pit)
 39011 | Snake:4  | Lost mutation: You are robust. (+10% HP) [potion of
                  | mutation]
 39011 | Snake:4  | Lost mutation: You have a pair of small antennae on your
                  | head. [potion of mutation]
 39011 | Snake:4  | Gained mutation: You are robust. (+10% HP) [potion of
                  | mutation]
 39551 | Vaults:1 | Entered Level 1 of the Vaults
 40031 | Vaults:1 | Reached skill level 14 in Shapeshifting
 40609 | Vaults:1 | Reached skill level 15 in Shapeshifting
 40611 | Vaults:1 | Identified the +0 scale mail of Yppep {rN+ Int-2 Dex+4
                  | SInv} (Okawaru gifted it to you on level 1 of the Vaults)
 40611 | Vaults:1 | Received a gift from Okawaru
 41112 | Vaults:1 | Found Werehubb's Armour Shoppe.
 41120 | Vaults:1 | Paralysed by a floating eye for 3 turns
 41528 | Vaults:2 | Noticed Asterion
 41532 | Vaults:2 | Killed Asterion
 41555 | Vaults:2 | Reached XP level 22. HP: 211/211 MP: 31/31
 41628 | Vaults:2 | Identified the +11 rapier of Iquept {venom, Str+4 Dex+3}
 41984 | Vaults:2 | Identified the scarf of the Evening {repulsion, rCorr}
                  | (Okawaru gifted it to you on level 2 of the Vaults)
 41984 | Vaults:2 | Received a gift from Okawaru
 42025 | Vaults:2 | Found a staircase to the Crypt.
 42509 | Vaults:3 | Found Wutoiq's Antique Armour Shop.
 42523 | Vaults:3 | Bought a slimy helmet for 237 gold pieces
 42523 | Vaults:3 | Identified the +5 helmet "Usog" {rF+} (You bought it in a
                  | shop on level 3 of the Vaults)
 42523 | Vaults:3 | Bought a masterwork scarf for 250 gold pieces
 42523 | Vaults:3 | Identified the scarf of Elyvilon, Cursing {repulsion, Harm
                  | rPois rCorr Str-5} (You bought it in a shop on level 3 of
                  | the Vaults)
 42947 | Vaults:3 | Noticed Sojobo
 42960 | Vaults:3 | Killed Sojobo
 42963 | Vaults:3 | Reached skill level 16 in Shapeshifting
 43243 | Vaults:3 | Received a gift from Okawaru
 43595 | Vaults:4 | Found Pyakuiri's Armour Shoppe.
 43830 | Vaults:4 | Reached skill level 15 in Invocations
 44060 | Vaults:4 | Found the +27 heavy crossbow "Sniper" {heavy, Acc+∞ SInv}
 44303 | Vaults:4 | Noticed a dread lich
 44307 | Vaults:4 | Paralysed by a floating eye for 3 turns
 44313 | Vaults:4 | Killed a dread lich
 44313 | Vaults:4 | Received a gift from Okawaru
 44331 | Vaults:4 | Reached XP level 23. HP: 222/222 MP: 34/34
 44621 | Vaults:4 | Identified the +0 pair of boots "Peamoarph" {Harm rPois
                  | Will- Int-2}
 44635 | Vaults:4 | Identified the +0 leather armour of Beogh's Favour {rPois
                  | Int+4}
 45176 | Depths:1 | Entered Level 1 of the Depths
 45178 | Depths:1 | Found a gateway to Hell.
 45265 | Depths:1 | Reached skill level 17 in Shapeshifting
 45327 | Depths:1 | Found a radiant altar of Vehumet.
 45327 | Depths:1 | Found the +4 robe of Folly {Brill Will-∞ Int+8}
 45368 | Depths:1 | Identified the +1 robe of Hangman {Harm rElec Will+ Slay+5}
 45371 | Depths:1 | Identified the +1 hat of Lust {Harm Dex+4}
 45519 | Depths:1 | Identified the +10 great sword of Fragile Peace {flame,
                  | Fragile Str+4} (Okawaru gifted it to you on level 1 of the
                  | Depths)
 45519 | Depths:1 | Received a gift from Okawaru
 45725 | Depths:1 | Found a shadowy altar of Dithmenos.
 45988 | Depths:1 | You are sucked into a shaft and drop 1 floor!
 46124 | Depths:2 | Found a one-way gate to the infinite horrors of the Abyss.
 46401 | Depths:2 | Identified the +0 ring mail of Dawn {-Cast rF- rC+ rN+++}
                  | (Okawaru gifted it to you on level 2 of the Depths)
 46401 | Depths:2 | Received a gift from Okawaru
 46597 | Depths:2 | Found a one-way gateway to a ziggurat.
 46682 | Depths:2 | Found a one-way gate leading to the halls of Pandemonium.
 46989 | Depths:3 | Reached skill level 18 in Shapeshifting
 47250 | Depths:3 | Noticed a shard shrike
 47273 | Depths:3 | Killed a shard shrike
 47530 | Depths:3 | Reached skill level 19 in Shapeshifting
 47535 | Depths:3 | Reached XP level 24. HP: 231/231 MP: 36/36
 47538 | Depths:3 | Received a gift from Okawaru
 47949 | Depths:3 | Identified the +5 dagger of Overwhelming Force {vamp,
                  | +Blink rElec rF+}
 48190 | Depths:3 | Reached skill level 20 in Shapeshifting
 48344 | Depths:4 | Entered Level 4 of the Depths
 48355 | Depths:4 | Received a gift from Okawaru
 48366 | Depths:4 | Paralysed by a floating eye for 3 turns
 48593 | Depths:4 | Found a stormy altar of Qazlal.
 48616 | Depths:4 | Found Qolibb's Book Emporium.
 48616 | Depths:4 | Found Bugouvul's Jewellery Boutique.
 48618 | Depths:4 | Found Tiateqet's Book Emporium.
 48673 | Depths:4 | Reached skill level 21 in Shapeshifting
 49213 | Depths:4 | Found a gate to the Realm of Zot.
 49797 | Vaults:5 | Entered Level 5 of the Vaults
 49804 | Vaults:5 | Received a gift from Okawaru
 49805 | Vaults:5 | Reached skill level 22 in Shapeshifting
 49858 | Vaults:5 | Found Orham's Jewellery Shoppe.
 49980 | Vaults:5 | Reached skill level 23 in Shapeshifting
 50095 | Vaults:5 | Reached XP level 25. HP: 238/238 MP: 36/36
 50133 | Vaults:5 | Paralysed by a sphinx for 3 turns
 50226 | Vaults:5 | Noticed an ancient lich
 50227 | Vaults:5 | Noticed an ancient lich
 50238 | Vaults:5 | Killed an ancient lich
 50247 | Vaults:5 | Killed an ancient lich
 50248 | Vaults:5 | Reached skill level 24 in Shapeshifting
 50278 | Vaults:5 | Found Efibroer's Jewellery Shoppe.
 50281 | Vaults:5 | Found Etaoheeli's Jewellery Shop.
 50337 | Vaults:5 | Found Bik Asmu's General Store.
 50344 | Vaults:5 | Identified the -1 cloak of the Serpent {Int+2} (Okawaru
                  | gifted it to you on level 5 of the Vaults)
 50344 | Vaults:5 | Received a gift from Okawaru
 50355 | Vaults:5 | Found Gaxtixanu's Antique Weapon Boutique.
 50365 | Vaults:5 | Bought 2 potions of invisibility for 368 gold pieces
 50689 | Vaults:5 | Identified the +7 chain mail "Raat" {rPois Slay+3}
 51051 | Vaults:5 | Got a silver rune of Zot
 51351 | Vaults:5 | Found Elax's Distillery.
 51356 | Vaults:5 | Bought a potion of heal wounds for 100 gold pieces
 51356 | Vaults:5 | Bought a potion of might for 80 gold pieces
 51356 | Vaults:5 | Bought a potion of enlightenment for 100 gold pieces
 51356 | Vaults:5 | Bought a potion of curing for 60 gold pieces
 51356 | Vaults:5 | Bought a potion of curing for 60 gold pieces
 51356 | Vaults:5 | Bought a potion of curing for 60 gold pieces
 51414 | Vaults:5 | Found Sioforchiniso's Magic Scroll Shop.
 51418 | Vaults:5 | Bought a scroll of fear for 56 gold pieces
 51418 | Vaults:5 | Bought a scroll of noise for 14 gold pieces
 51428 | Vaults:5 | Found Dohem's Magic Scroll Boutique.
 51459 | Vaults:5 | Bought a scroll of fog for 80 gold pieces
 51459 | Vaults:5 | Bought a scroll of noise for 20 gold pieces
 51459 | Vaults:5 | Bought a scroll of fear for 80 gold pieces
 51621 | Vaults:5 | Identified the +7 shortbow of Drought {drain, *Slow Str+5}
 52136 | Zot:1    | Entered Level 1 of the Realm of Zot
 52328 | Zot:1    | Reached skill level 10 in Short Blades
 52642 | Zot:1    | Identified the +5 kite shield "Iclowke" {Drain Int+9
                  | Stlth+} (Okawaru gifted it to you on level 1 of the Realm
                  | of Zot)
 52642 | Zot:1    | Received a gift from Okawaru
 52705 | Zot:1    | Reached XP level 26. HP: 223/248 MP: 36/36
 53217 | Zot:2    | Noticed a shard shrike
 53239 | Zot:2    | Killed a shard shrike
 53239 | Zot:2    | Noticed a shard shrike
 53252 | Zot:2    | Killed a shard shrike
 53738 | Zot:2    | Received a gift from Okawaru
 53842 | Zot:2    | Found the +4 dragonskin cloak
 53842 | Zot:2    | Noticed Tiamat
 53853 | Zot:2    | Reached skill level 25 in Shapeshifting
 53861 | Zot:2    | Killed Tiamat
 53862 | Zot:2    | Identified the +8 hand axe "Reog" {venom, SInv}
 53930 | Zot:2    | Identified the +7 long sword "Nupyimo" {flame, Int+2 SInv}
 53932 | Zot:2    | Identified the staff of Disorder {Int+6 Earth}
 54045 | Zot:2    | Identified the +4 scale mail of Life {Contam rF+++ Str-4
                  | Slay+3}
 54493 | Zot:3    | Identified the +5 great sword of Xexa {heavy, Int+6}
                  | (Okawaru gifted it to you on level 3 of the Realm of Zot)
 54493 | Zot:3    | Received a gift from Okawaru
 54914 | Zot:3    | Received a gift from Okawaru
 55447 | Zot:4    | Reached XP level 27. HP: 258/258 MP: 36/36
 55458 | Zot:4    | Identified the +9 mace of Izairer {pain, Dex+6}
 55784 | Zot:5    | Entered Level 5 of the Realm of Zot
 55802 | Zot:5    | Received a gift from Okawaru
 55832 | Zot:5    | Reached skill level 15 in Short Blades
 56401 | Zot:5    | Noticed an orb of fire
 56407 | Zot:5    | Gained mutation: Your body sometimes deteriorates upon
                  | taking damage. [an orb of fire]
 56414 | Zot:5    | Killed an orb of fire
 56567 | Zot:5    | Noticed a dread lich
 56575 | Zot:5    | Paralysed by a dread lich for 2 turns
 56578 | Zot:5    | Noticed an orb of fire
 56581 | Zot:5    | Gained mutation: You sometimes lose your temper in combat.
                  | [an orb of fire]
 56583 | Zot:5    | Gained mutation: You are weak. (Str -2) [an orb of fire]
 56586 | Zot:5    | Killed a dread lich
 56597 | Zot:5    | Killed an orb of fire
 56610 | Zot:5    | Identified the scarf of the Evening Star {shadows, rPois}
                  | (Okawaru gifted it to you on level 5 of the Realm of Zot)
 56610 | Zot:5    | Received a gift from Okawaru
 56722 | Zot:5    | Noticed a dread lich
 56767 | Zot:5    | Noticed an orb of fire
 56773 | Zot:5    | Lost mutation: Your body sometimes deteriorates upon taking
                  | damage. [potion of mutation]
 56773 | Zot:5    | Lost mutation: You sometimes lose your temper in combat.
                  | [potion of mutation]
 56773 | Zot:5    | Gained mutation: You have a pair of small antennae on your
                  | head. [potion of mutation]
 56773 | Zot:5    | Gained mutation: You are partially covered in iridescent
                  | scales. (AC +2) [potion of mutation]
 56779 | Zot:5    | Gained mutation: You occasionally lose the ability to read
                  | scrolls when taking damage. [a cacodemon]
 56780 | Zot:5    | Gained mutation: You are agile. (Dex +4, Str/Int -1) [an
                  | orb of fire]
 57151 | Zot:5    | Gained mutation: Potions are less effective at restoring
                  | your health. [an orb of fire]
 57152 | Zot:5    | Gained mutation: Your body sometimes deteriorates upon
                  | taking damage. [an orb of fire]
 57153 | Zot:5    | Lost mutation: Potions are less effective at restoring your
                  | health. [an orb of fire]
 57186 | Zot:5    | Gained mutation: You occasionally shout uncontrollably at
                  | your foes. [an orb of fire]
 57197 | Zot:5    | Killed an orb of fire
 57209 | Zot:5    | Lost mutation: You are robust. (+10% HP) [potion of
                  | mutation]
 57209 | Zot:5    | Lost mutation: You have a pair of small antennae on your
                  | head. [potion of mutation]
 57210 | Zot:5    | Lost mutation: You are weak. (Str -2) [potion of mutation]
 57210 | Zot:5    | Lost mutation: You occasionally lose the ability to read
                  | scrolls when taking damage. [potion of mutation]
 57210 | Zot:5    | Lost mutation: You are agile. (Dex +4, Str/Int -1) [potion
                  | of mutation]
 57210 | Zot:5    | Gained mutation: You have sharp fingernails. [potion of
                  | mutation]
 57210 | Zot:5    | Gained mutation: You are frail. (-10% HP) [potion of
                  | mutation]
 57366 | Zot:5    | Killed a dread lich
 57538 | Zot:5    | Reached skill level 26 in Shapeshifting
 57544 | Zot:5    | Received a gift from Okawaru
 57779 | Zot:5    | Got the Orb of Zot
 57803 | Zot:5    | Noticed Oghik the pandemonium lord
 57817 | Zot:5    | Killed Oghik the pandemonium lord
 57963 | Depths:4 | Noticed Cumal the pandemonium lord
 57976 | Depths:4 | Killed Cumal the pandemonium lord
 58024 | Depths:1 | Noticed Jufutzud the pandemonium lord
 58033 | Depths:1 | Killed Jufutzud the pandemonium lord
 58156 | D:14     | Reached skill level 27 in Shapeshifting
 58479 | D:$      | Escaped with the Orb!

Illustrated notes

Levels and vault maps discovered:
D:1:      moated_graveyard_arrival, layout_loops_ring, minmay_misc_feat_pillars
D:2:      layout_basic, st_stairs_4, kennysheep_boxes
D:3:      layout_loops_ring
D:4:      layout_cave_pools, vehumet_altar_wand_db, skrybe_limestone_x,
          uniq_ijyb, uniq_pikel
D:5:      layout_basic, chequers_temple_overflow_minitemple,
          biasface_ghost_orc_armoury, minmay_between
D:6:      layout_basic
D:7:      layout_layer_cave, mainiacjoe_overflow_surrounded_room,
          minmay_temple_entry_waves, lightli_ossuary_entry_decrepit_ruins,
          serial_shops, shop
D:8:      layout_gridville, mainiacjoe_overflow_two_lobes, wad_rectangle_vault
D:9:      layout_cave_pools, lightli_bailey_entry_fortress, uniq_maggie
D:10:     layout_loops_ring
D:11:     layout_irregular_city, dpeg_lair_monsters, bloody_makhleb
D:12:     orc_temple, layout_rooms, david_orc_5, uniq_josephine
D:13:     layout_stronghold, erik_vaults_2
D:14:     layout_roguey, fedhas_altar_3
D:15:     gammafunk_enter_depths_forms, layout_long_grid, minmay_ruined_shrine,
          uniq_rupert, uniq_louise
Temple:   minmay_freezing_vapour_temple
Lair:1:   layout_chaotic_city, uniq_erica, uniq_jeremiah
Lair:2:   layout_gridlike, nicolae_swamp_entry_splash_gauntlet,
          guppyfry_snake_entry_garden, portal_ice_cave_demonic_guard,
          infiniplex_staircase_pool_2
Lair:3:   layout_roguey, serial_bayou_shore_a, uniq_kirke
Lair:4:   layout_hall_layers, slime_entry_1
Lair:5:   evilmike_catoblepas_cave, layout_regular_city,
          chequers_serial_rivers_micro_e, grunt_megastairs_2, uniq_urug,
          uniq_sonja
Swamp:1:  layout_falls_marsh, nicolae_swamp_trees_clearing,
          beargit_elvish_explorers, uniq_frances
Swamp:2:  layout_basic_swamp, hangedman_swamp_ruin_wall,
          infiniplex_staircase_pool
Swamp:3:  layout_basic_swamp, gammafunk_ghost_necromancy,
          evilmike_swamp_ruin_house_1
Swamp:4:  swamp_basic_johnstein, layout_basic_swamp, uniq_bai_suzhen
Snake:1:  layout_misc_corridors, nicolae_snake_salamander_jacuzzi
Snake:2:  layout_chambers, serial_bayou_lagoon_a, uniq_aizul
Snake:3:  layout_onion, basic_altar, drop_trap
Snake:4:  grunt_snake_rune_pools, layout_misc_corridors, ebering_ghost_gozag,
          lemuel_fruit_tree, uniq_saint_roka, uniq_agnes
Orc:1:    layout_diamond_mine
Orc:2:    kennysheep_orc_mage_school, layout_diamond_mine
Elf:1:    nicolae_elf_arrival_aired_out, layout_loops_ring, serial_shops,
          shop_fountains, hangedman_elf_represent, uniq_norris
Elf:2:    nicolae_elf_blades_splatter_lattice [grunt_blade_entry_basic],
          layout_geoelf_octagon, hellmonk_ghost_happy_afterlife
Elf:3:    minmay_elf_hall_golems, layout_geoelf_diagonals, serial_glass,
          glass_columns_a, glass_columns_b, glass_columns_a, glass_columns_a,
          glass_columns_c, glass_columns_c, ebering_ghost_reflecting_pool,
          abandoned_shop
Vaults:1: hangedman_vaults_slither, dpeg_vaults_monster_box,
          nicolae_vaults_spaceships, nicolae_vaults_trapezoid_lopsided_2,
          nicolae_vaults_little_squares_1, vaults_room_ringed_pool,
          nicolae_vaults_wine_cellar, vaults_room_grid,
          nicolae_vaults_storage_closets_2, st_spiral_rooms,
          vaults_room_grunt_arrival_ludios, layout_vaults_omnigrid
Vaults:2: nicolae_vaults_storage_closets_1, v_misc_18,
          nicolae_vaults_angled_halls, nicolae_vaults_little_squares_3,
          vaults_room_hallway, minmay_crypt_entry_skeletal_spiral,
          nicolae_vaults_theta, nicolae_vaults_double_plus_1,
          ontoclasm_vaults_eye, nicolae_vaults_prndl, vaults_room_semicircle,
          nicolae_vaults_more_shelving_1, grunt_vaults_focal,
          vaults_room_stairs_pillars, hangedman_vaults_corner_blocks,
          layout_vaults_maze_bifur, uniq_asterion
Vaults:3: hangedman_vaults_restitches, nicolae_vaults_trapezoid_1,
          nicolae_vaults_little_ls, nicolae_vaults_offset_grid_hallway_2,
          nicolae_vaults_prndl, vaults_room_semicircle, v_misc_10,
          vaults_room_fours, special_room_vaults [special_room_orc],
          layout_vaults_ring, serial_shops, shop, uniq_sojobo
Vaults:4: vaults_standard_mumra_x, vaults_room_door_hall, vaults_mumra_chevron,
          st_greater_box_1, nicolae_vaults_doubleplus_tesselated, v_misc_22,
          v_pattern_2, nicolae_vaults_hallways_thing,
          nicolae_vaults_storage_room_doors, hangedman_vaults_restitches,
          hangedman_vaults_maws, layout_vaults_omnicross, serial_shops,
          nicolae_shop_gibbet_a_chance, uniq_margery
Vaults:5: serial_shops
Depths:1: layout_basic, hell_entry, nicolae_dithmenos_shadow_blocks,
          nicolae_specific_store, st_stairs_3, kennysheep_decorative_pillar,
          minmay_misc_feat_encased, grunt_tower_of_power
Depths:2: minmay_isolated_rectangles_in_corner, layout_twisted_cross,
          enter_ziggurat_c, hell_entry, marbit_kobold_abyss_entry,
          grunt_pan_entry_sceptre, infiniplex_staircase_zigzag_2
Depths:3: minmay_shrinking_squares, layout_gridlike, minmay_misc_feat_five,
          pf_hell_entry_tar_river, abyss_entry_glasseish, hex_subvault_dug_out,
          infiniplex_staircase_spiral_double
Depths:4: grunt_zot_entry_gee_three, layout_cave_pools,
          nicolae_qazlal_style_of_elements, lightli_too_deep, minmay_shop_grove
Zot:1:    layout_misc_corridors, nicolae_lava_and_water
Zot:2:    minmay_elemental_castle, layout_cellular_growth,
          st_grand_hoard_of_tiamat
Zot:3:    layout_misc_corridors, st_stairs_2
Zot:4:    layout_misc_corridors
Zot:5:    layout_basic

Skill      XL: |  1  2  3  4  5  6  7  8  9 10 11 12 13 14 15 16 17 18 19 20 21 22 23 24 25 26 27 |
---------------+----------------------------------------------------------------------------------+-----
Long Blades    | 4 5 10 14 17 18 20 21 22 | 22.2
Fighting       | 4 5 6 7 8 10 11 12 13 14 15 16 18 20 21 22 23 24 | 24.0
Dodging        | 5 6 7 8 10 11 13 14 15 17 18 19 21 22 23 24 | 24.0
Short Blades   | 2 4 6 7 8 9 10 14 17 | 17.6
Evocations     | 2 3 5 7 |  7.0
Invocations    | 2 4 7 8 9 10 11 12 15 18 19 20 | 20.0
Armour         | 2 3 4 5 6 7 8 9 10 | 10.0
Stealth        | 4 6 7 8 |  8.0
Shapeshifting  | 10 15 16 19 23 24 25 27 | 27.0

Action                     |  1- 3 |  4- 6 |  7- 9 | 10-12 | 13-15 | 16-18 | 19-21 | 22-24 | 25-27 || total
---------------------------+-------+-------+-------+-------+-------+-------+-------+-------+-------++-------
  Melee: Dagger            |    19 |    59 |   335 |   423 |       |       |       |       |       ||   836
         Falchion          |    36 |    33 |       |       |       |       |       |       |       ||    69
         Tailslap          |     4 |       |       |     5 |     1 |       |       |       |       ||    10
         Short sword       |       |     6 |       |    32 |       |       |       |       |       ||    38
         Long sword        |       |       |       |    25 |       |       |       |       |       ||    25
         Punch             |       |       |       |     1 |       |       |    13 |       |    12 ||    26
         Scimitar          |       |       |       |   139 |   142 |    38 |       |       |       ||   319
         Triple sword      |       |       |       |       |   800 |   447 |   938 |  1017 |  1102 ||  4304
         Great sword       |       |       |       |       |       |   125 |       |       |    24 ||   149
         Quick blade       |       |       |       |       |       |       |   303 |       |   241 ||   544
   Fire: Sling             |    25 |    50 |     6 |    98 |       |       |       |       |       ||   179
         Hand crossbow     |       |       |       |    37 |    67 |       |       |       |       ||   104
  Throw: Dart              |       |    18 |    19 |    49 |     4 |     7 |     1 |       |       ||    98
         Throwing net      |       |       |       |     1 |       |       |       |       |       ||     1
 Invoke: Heroism           |       |       |       |     8 |     7 |     4 |     7 |     6 |    18 ||    50
         Finesse           |       |       |       |     1 |     2 |     2 |     1 |     1 |    10 ||    17
  Evoke: Wand              |       |       |    33 |    27 |    23 |     5 |     6 |     3 |     1 ||    98
         Lightning rod     |       |       |       |       |       |     9 |    11 |     1 |    15 ||    36
    Use: Scroll            |       |     1 |    14 |     7 |     6 |     9 |     5 |     7 |    20 ||    69
         Potion            |       |       |       |       |     1 |     2 |     2 |       |    14 ||    19
   Stab: Sleeping          |       |       |       |       |     2 |    16 |    24 |    21 |     2 ||    65
         Distracted        |       |       |       |       |       |     9 |     6 |     4 |     7 ||    26
         Confused          |       |       |       |       |       |       |       |       |     3 ||     3
         Invisible         |       |       |       |       |       |       |       |       |     1 ||     1
 Armour: Robe              |    13 |       |    40 |    31 |    55 |     7 |     8 |       |       ||   154
         Leather armour    |       |     5 |     3 |       |       |     5 |       |       |       ||    13
         Chain mail        |       |       |       |       |    11 |       |       |       |       ||    11
         Troll leather arm |       |       |       |       |    10 |     6 |    16 |       |       ||    32
         Swamp dragon scal |       |       |       |       |       |    31 |    28 |       |       ||    59
         Scale mail        |       |       |       |       |       |     2 |    12 |       |       ||    14
         Skin              |       |       |       |       |       |       |    11 |   387 |   463 ||   861
  Dodge: Dodged            |    35 |    43 |   161 |   400 |   855 |   725 |  1023 |  2356 |  2961 ||  8559
         Repelled          |       |       |     1 |     2 |    10 |     5 |    28 |    13 |    16 ||    75
Riposte: Triple sword      |       |       |       |       |       |       |   118 |       |       ||   118
   Form: Statue            |       |       |       |       |       |       |     1 |       |       ||     1

Table legend: (Time is in decaauts)
 A = Elapsed time spent in this place.
 B = Non-inter-level travel time spent in this place.
 C = Inter-level travel time spent in this place.
 D = Time resting spent in this place.
 E = Time spent auto-exploring this place.
 F = Levels seen in this place.
 G = Mean time per level.
                   A        B        C        D        E       F      G
               +--------+--------+--------+--------+--------+-----+--------+
         Total |  64745 |  57976 |   6769 |   4960 |  35504 |  51 | 1269.5 |
       Dungeon |  14410 |  12245 |   2165 |    238 |   8328 |  15 |  960.7 |
        Temple |     21 |     21 |      0 |      0 |      0 |   1 |   21.0 |
          Lair |   7236 |   6404 |    832 |    941 |   3558 |   5 | 1447.2 |
         Swamp |   3387 |   3214 |    173 |    315 |   2159 |   4 |  846.8 |
     Snake Pit |   4227 |   4021 |    206 |    246 |   2623 |   4 | 1056.8 |
  Orcish Mines |   2102 |   1595 |    507 |    130 |   1034 |   2 | 1051.0 |
   Elven Halls |   5262 |   4751 |    511 |   1092 |   2044 |   3 | 1754.0 |
        Vaults |  11014 |   9508 |   1506 |    264 |   6667 |   5 | 2202.8 |
        Depths |   6470 |   5885 |    585 |    255 |   4051 |   4 | 1617.5 |
           Zot |   8133 |   7853 |    280 |    823 |   4924 |   5 | 1626.6 |
       Ossuary |    361 |    361 |      0 |      0 |      5 |   1 |  361.0 |
        Bailey |    539 |    539 |      0 |      2 |      0 |   1 |  539.0 |
      Ice Cave |   1577 |   1577 |      0 |    651 |    108 |   1 | 1577.0 |
               +--------+--------+--------+--------+--------+-----+--------+

Top non-repeatable levels by time:
   Zot:5: 2827 daAuts
   Elf:3: 2668 daAuts
Vaults:5: 2632 daAuts
Vaults:1: 2573 daAuts
Vaults:4: 2385 daAuts
Depths:3: 2116 daAuts
  Lair:5: 2101 daAuts
   Zot:2: 1935 daAuts
Vaults:3: 1742 daAuts
Vaults:2: 1680 daAuts
  Lair:2: 1656 daAuts
    D:15: 1578 daAuts
   IceCv: 1577 daAuts
   Elf:2: 1554 daAuts
Depths:4: 1508 daAuts
